 Dungeon Crawl Stone Soup version 0.29.1-2-gbd0b4ee654 (webtiles) character file.

Game seed: 15654507322322897901

436 funnyparkerb the Ruffian (level 6, -4/62 HPs)
             Began as a Troll Fighter on Nov 10, 2022.
             Slain by an orc
             ... wielding a +0 flail
              (5 damage)
             ... on level 4 of the Dungeon.
             The game lasted 00:03:45 (2173 turns).

funnyparkerb the Ruffian (Troll Fighter)            Turns: 2173, Time: 00:03:46

Health: -4/62      AC:  4    Str: 23      XL:     6   Next: 68%
Magic:  5/5        EV:  8    Int:  4      God:
Gold:   184        SH:  7    Dex:  7 (9)  Spells: 5/5 levels left

rFire   . . .      SeeInvis .     - Unarmed
rCold   . . .      Faith    .   b - +0 kite shield
rNeg    . . .      Spirit   .   a - +0 robe
rPois   .          Reflect  .   (helmet restricted)
rElec   .          Harm     .   k - +0 cloak
rCorr   .          Rampage  .   (gloves unavailable)
Will    .....                   (boots unavailable)
Stlth   +.........              (no amulet)
HPRegen 1.00/turn               (no ring)
MPRegen 0.09/turn               (no ring)

@: no status effects
A: large, unfitting armour, claws 3, regeneration 1, shaggy fur 1, tough skin 1,
deformed body, dopey 1, sense surroundings 1, weak 1
a: no special abilities


You were on level 4 of the Dungeon.
You visited 1 branch of the dungeon, and saw 4 of its levels.

You collected 184 gold pieces.

Inventory:

Armour
 a - a +0 robe (worn)
 b - a +0 kite shield (worn)
 k - a +0 cloak (worn)
Scrolls
 c - a scroll of torment {unknown}
 d - 2 scrolls of identify {unknown}
 f - a scroll of noise {unknown}
 g - 3 scrolls of teleportation {unknown}
 h - 2 scrolls of immolation {unknown}
 i - a scroll of amnesia {unknown}
Potions
 e - 2 potions of attraction
 n - a potion of haste {unknown}


   Skills:
 + Level 3.7 Fighting
 - Level 2.4 Dodging
 + Level 4.1 Shields
 * Level 5.3 Unarmed Combat


You had 5 spell levels left.
You didn't know any spells.
Your spell library contained the following spells:

 Spells                   Type           Power      Damage    Failure   Level
 Summon Small Mammal      Summ           0%         N/A       78%         1
 Call Canine Familiar     Summ           0%         N/A       98%         3
 Ozocubu's Armour         Ice            0%         N/A       98%         3
 Summon Guardian Golem    Hex/Summ       0%         N/A       98%         3
 Hailstorm                Conj/Ice       0%         3d3       100%        4
 Ice Form                 Ice/Tmut       0%         N/A       100%        4
 Simulacrum               Ice/Necr       0%         N/A       100%        6
 Ozocubu's Refrigeration  Ice            0%         4d7       100%        7


Dungeon Overview and Level Annotations

Branches:
Dungeon (4/15)
 Temple: D:4-7

Altars:
Fedhas
Hepliaklqana


Innate Abilities, Weirdness & Mutations

You are too large for most types of armour.
You have claws for hands.
Your natural rate of healing is unusually fast.
You are covered in fur. (AC +1)
You have tough skin. (AC +1)
Armour fits poorly on your strangely shaped body.
You are dopey. (Int -2)
You passively map a small area around you.
You are weak. (Str -2)


Message History

The orc wizard gestures at you while chanting.
The puff of flame hits you. The orc hits you with a +0 flail.
You block the orc's attack.
You barely miss the orc wizard. The hound bites you but does no damage.
The orc wizard barely misses you. The orc hits you but does no damage.
The orc hits you with a +0 hand axe. The hound bites you.
* * * LOW HITPOINT WARNING * * *
You barely miss the orc wizard. You block the hound's attack.
The orc wizard hits you with a +0 dagger.
* * * LOW HITPOINT WARNING * * *
The orc hits you with a +0 flail.
* * * LOW HITPOINT WARNING * * *
The orc barely misses you. The hound bites you.
* * * LOW HITPOINT WARNING * * *
You closely miss the orc wizard. You block the orc's attack.
You block the orc wizard's attack. The orc barely misses you.
The hound closely misses you. The orc barely misses you.
You block the orc's attack.
The orc wizard hits you but does no damage.
You scratch the orc wizard.
The orc wizard is moderately wounded.
You block the hound's attack. The hound completely misses you.
The orc wizard hits you with a +0 dagger.
* * * LOW HITPOINT WARNING * * *
The orc hits you with a +0 flail.
* * * LOW HITPOINT WARNING * * *
The orc hits you with a +0 hand axe.
* * * LOW HITPOINT WARNING * * *
You claw the orc wizard!
You kill the orc wizard!
The hound barely misses you. The orc closely misses you.
The orc hits you but does no damage.
You feel your intelligence returning. The hound bites you but does no damage.
The hound bites you.
* * * LOW HITPOINT WARNING * * *
You block the orc's attack.
Things that are here:
a +0 dagger; a +0 robe The orc attacks as you move away!
The orc hits you with a +0 flail.
You die...

* * , , #.
#.........!. ,
....+...........
....#........... ,
,....#........... *
, , ,...............
, , #..,
#........?... *, *
#.. #....?.......
#... #..)@o)...... ,
,#...,#)..ho.......
,
,#....#..........##
, #....#.###....#.#
, , #.............#
# *
#..######........#,
#..................
.#..#####..........#
* ,
.###........##..# *


You could see a hound and 2 orcs.

Vanquished Creatures
  An ogre (D:4)
  A phantom (D:4)
  A hound (D:4)
  2 orc wizards
  Robin (D:2)
  7 adders
  A dart slug (D:1)
  11 orcs
  3 ball pythons
  8 bats
  8 endoplasms
  6 giant cockroaches
  6 hobgoblins
  6 jackals
  7 kobolds
  5 quokkas
  3 frilled lizards
  23 goblins
  6 rats
106 creatures vanquished.

Vanquished Creatures (others)
  2 plants (D:3)
2 creatures vanquished.

Grand Total: 108 creatures vanquished

Notes
Turn   | Place    | Note
-------+----------+-------------------------------------------
     0 | D:1      | funnyparkerb the Troll Fighter began the quest for the Orb.
     0 | D:1      | Reached XP level 1. HP: 22/22 MP: 0/0
   143 | D:1      | Reached XP level 2. HP: 21/29 MP: 1/1
   239 | D:1      | Reached XP level 3. HP: 33/36 MP: 2/2
   423 | D:1      | Reached skill level 3 in Unarmed Combat
   445 | D:1      | Found a faded altar of an unknown god.
   786 | D:2      | Reached XP level 4. HP: 41/44 MP: 3/3
   928 | D:2      | Noticed Robin
   951 | D:2      | Killed Robin
   975 | D:2      | You fall into a shaft and drop 1 floor!
  1352 | D:3      | Found a hazy altar of Hepliaklqana.
  1398 | D:3      | Reached skill level 4 in Unarmed Combat
  1398 | D:3      | Reached XP level 5. HP: 5/53 MP: 4/4
  1888 | D:4      | Found a blossoming altar of Fedhas.
  2005 | D:4      | Noticed an ogre
  2025 | D:4      | Gained mutation: You are weak. (Str -2) [potion of
                  | mutation]
  2025 | D:4      | Gained mutation: You are dopey. (Int -2) [potion of
                  | mutation]
  2025 | D:4      | Gained mutation: Armour fits poorly on your strangely
                  | shaped body. [potion of mutation]
  2025 | D:4      | Gained mutation: You passively map a small area around you.
                  | [potion of mutation]
  2032 | D:4      | Killed an ogre
  2033 | D:4      | Reached XP level 6. HP: 61/61 MP: 5/5
  2096 | D:4      | Reached skill level 5 in Unarmed Combat
  2170 | D:4      | HP: 3/62 [orc/+0 hand axe (1)]
  2172 | D:4      | HP: 1/62 [hound (4)]
  2173 | D:4      | Slain by an orc

Illustrated notes

Levels and vault maps discovered:
D:1:      matt_arrival_grand_opening, layout_rooms,
          hellmonk_ecumenical_altar_heavens_door
D:2:      minmay_diamond_boxcup, layout_basic, item_on_display_a, uniq_robin
D:3:      layout_basic, nicolae_overflow_hidden_temple, serial_bayou_lagoon_b
D:4:      layout_basic, fedhas_ov_isle_minmay, grunt_gozag_statues

Skill      XL: |  1  2  3  4  5  6 |
---------------+-------------------+-----
Shields        | 3 4 |  4.1
Unarmed Combat | 3 4 5 |  5.3
Fighting       | 3 |  3.7
Dodging        | |  2.4

Action                   |  1- 3 |  4- 6 || total
-------------------------+-------+-------++-------
Melee: Unarmed           |   105 |   173 ||   278
  Use: Potion            |       |     8 ||     8
 Stab: Sleeping          |     2 |       ||     2
Armor: Robe              |    31 |    56 ||    87
       Skin              |       |     7 ||     7
Dodge: Dodged            |    31 |    76 ||   107
Block: Kite shield       |    36 |    69 ||   105
